 Dungeon Crawl Stone Soup version 0.29-a0-876-gfc89b1a5bd (webtiles) character file.

Game seed: 2679211943079708868

18071 Brionac the Protected (level 12, -4/77 HPs)
             Began as a Gargoyle Berserker on July 19, 2022.
             Was a Priest of Trog.
             Slain by a minotaur
             ... wielding a staff of death
              (21 damage)
             ... in a Gauntlet.
             The game lasted 01:14:04 (12713 turns).

Brionac the Protected (Gargoyle Berserker)         Turns: 12713, Time: 01:14:05

Health: -4/77      AC: 27    Str: 26    XL:     12   Next: 54%
Magic:  12/12      EV:  8    Int:  8    God:    Trog [***...]
Gold:   668        SH:  0    Dex:  9    Spells: 11/11 levels left

rFire   + . .      SeeInvis .   I - +2 war axe (vorpal)
rCold   . . .      Faith    .   (no shield)
rNeg    + . .      Spirit   .   K - +0 plate armour
rPois   ∞          Reflect  .   (no helmet)
rElec   +          Harm     .   s - +0 cloak
rCorr   .          Rampage  .   (no gloves)
Will    .....      NoTele   +   J - +1 pair of boots {Fly}
Stlth   ..........              (no amulet)
HPRegen 0.22/turn               i - ring of protection from fire
MPRegen 0.13/turn               (no ring)

@: mighty, flying
A: sickness immunity, AC +8, negative energy resistance 1, electricity
resistance, torment resistance 1, petrification resistance, screaming 1
a: Renounce Religion, Berserk, Trog's Hand


You were in a Gauntlet.
You worshipped Trog.
Trog was most pleased with you.
You visited 1 branch of the dungeon, and saw 12 of its levels.
You also visited: Bailey and Gauntlet.

You collected 668 gold pieces.

Inventory:

Hand Weapons
 a - a +0 hand axe
 p - a +1 flail of holy wrath
 y - a +2 flail of draining
 A - a +3 great sword of freezing
 I - a +2 vorpal war axe (weapon)
Missiles
 g - 20 boomerangs (quivered)
Armour
 s - a +0 cloak (worn)
 J - a +1 pair of boots of flying (worn)
 K - a +0 plate armour (worn)
Jewellery
 c - a ring of fire
 i - a ring of protection from fire (left hand)
 j - a ring of fire
Wands
 n - a wand of flame (34)
 H - a wand of polymorph (3)
Scrolls
 f - 4 scrolls of teleportation
 h - 4 scrolls of amnesia
 k - 5 scrolls of identify
 l - 2 scrolls of poison
 r - 2 scrolls of enchant weapon
 w - 2 scrolls of vulnerability
 x - a scroll of fear
 C - a scroll of silence {unknown}
 E - a scroll of acquirement {unknown}
Potions
 d - 2 potions of curing
 m - 2 potions of haste
 q - a potion of might
 t - 2 potions of lignification
 u - a potion of degeneration
 z - a potion of brilliance
 B - a potion of magic
 D - 4 potions of flight
 F - a potion of berserk rage {unknown}
 G - a potion of invisibility {unknown}


   Skills:
 * Level 10.2 Fighting
 + Level 9.0 Long Blades
 * Level 10.7 Axes
 * Level 11.0 Armour
 - Level 4.2 Dodging
 + Level 0.2 Evocations


You had 11 spell levels left.
You didn't know any spells.
Your spell library was empty.

Dungeon Overview and Level Annotations

Branches:
Dungeon (11/15)            Temple (0/1) D:7            Lair (0/5) D:11
    Orc (0/2) D:9          Bailey (visited)         Gauntlet (1/1)

Altars:
Kikubaaqudgha
Nemelex Xobeh
Uskayaw
Vehumet
Xom

Shops:
D:10 *

Annotations:
Gauntlet 11 transporters, 2 runed translucent doors, exclusions: ice statue and oklob plant


Innate Abilities, Weirdness & Mutations

You are immune to sickness and miasma.
Your stone body is resilient. (AC +8)
You are immune to poison.
You resist negative energy. (rN+)
You are resistant to electric shocks. (rElec)
You are resistant to unholy torment.
You are immune to petrification.
You occasionally shout uncontrollably at your foes.


Message History

You feel yourself speed up.
You feel yourself slow down. The tengu warrior barely misses you.
The tengu warrior pecks you but does no damage.
The tengu warrior claws you but does no damage.
You feel the effects of Trog's Hand fading.
Really fly into a travel-excluded area?
The tengu warrior attacks as you move away!
The tengu warrior hits you but does no damage.
The tengu warrior pecks you but does no damage.
The tengu warrior claws you but does no damage.
The ice statue gestures at you. The bolt of cold hits you!!!
* * * LOW HITPOINT WARNING * * *
Blink to where?
Press: ? - help, Dir - move target
As you read the scroll of blinking, it crumbles to dust.
A magic seal in the Gauntlet prevents long-range teleports.
It was a potion of might.
You feel very mighty all of a sudden.
Your skin stops crawling.
You feel less strong-willed.
You recover from your berserk rage.
The wolf howls!
You see here an elephant corpse.
The yak bellows!
The raiju barks!
The ice beast barely misses you.
You see here a throwing net.
The ice beast hits you but does no damage.
The ice beast barely misses you.
You see here a throwing net.
The steam dragon hisses angrily.
The minotaur throws a silver javelin.
The silver javelin pierces through you!
* * * LOW HITPOINT WARNING * * *
The silver sears you!
* * * LOW HITPOINT WARNING * * *
The ice beast barely misses you.
You feel better. The ice beast barely misses you.
The minotaur attacks as you move away!
The minotaur hits you with a staff of death!!
You die...

#...........Q...#
###.##.##.##.##8# ###.##.##Y##.#
.# #............. #
##.##.##.##.##.#
###.##.##.##.##.###
##≈)..............≈#
#≈≈.†8Q8©8©8©8©8..≈≈
##≈@HY(...........≈# # ### ###
### ###################
###≈###≈###≈###.3...............#
≈#≈≈≈#≈≈≈#≈≈≈#...8⌠8..8∩8..8⌠8...
.....D...........................
#################################
...#8©8#DP..Dhk#8h8#..8#8..#8©8##
.#.#...#....#.?#hhY#...8..$#...##
..|#...#...###.#h..#8.8.8..#...#.


You could see a minotaur, a tengu warrior, a yak, a sixfirhy, a raiju, a rime
drake, a steam dragon, an ice beast (summoned) and 3 wolves.

Vanquished Creatures
  A two-headed ogre (D:8)
  3 tengu warriors (Gauntlet)
  A swamp dragon (shapeshifter) (Gauntlet)
  A shining eye (Gauntlet)
  A cyclops (shapeshifter) (Gauntlet)
  A faun (shapeshifter) (Gauntlet)
  5 elephants (Gauntlet)
  An unseen horror (D:10)
  8 raiju (Gauntlet)
  21 yaks
  2 shadows
  2 fire bats (Gauntlet)
  A wraith (D:9)
  2 wyverns
  A steam dragon (D:8)
  3 basilisks
  Menkaure (D:5)
  A two-headed ogre zombie (D:9)
  An acid dragon (D:11)
  4 water moccasins
  9 orc warriors
  3 sky beasts
  6 black bears
  A wolf (D:10)
  2 ogres
  7 centaurs
  2 phantoms
  3 kobold brigands
  A bullfrog (D:7)
  A necrophage (D:7)
  2 gnoll sergeants
  2 scorpions (D:5)
  A water moccasin zombie (D:4)
  3 wights (D:7)
  8 killer bees (D:9)
  3 troll zombies (D:9)
  3 howler monkeys
  3 jellies
  4 orc priests
  2 hounds (D:4)
  A gnoll bouda (D:6)
  3 iguanas
  2 orc wizards
  4 ogre zombies (D:9)
  Robin (D:2)
  34 gnolls
  3 adders
  A shadow imp (Gauntlet)
  A white imp (D:7)
  2 ufetubi
  2 dart slugs
  28 orcs
  An endoplasm (D:3)
  2 giant cockroaches
  16 goblins
  8 hobgoblins
  23 kobolds
  2 quokkas
  13 ball pythons
  5 bats
  4 frilled lizards
  4 goblin zombies (D:9)
  2 hobgoblin skeletons (D:9)
  2 hobgoblin zombies (D:9)
  4 orc skeletons (D:9)
  13 orc zombies (D:9)
  2 rats
310 creatures vanquished.

Vanquished Creatures (collateral kills)
  Maggie (D:6)
  An acid dragon (D:6)
2 creatures vanquished.

Vanquished Creatures (others)
  A demonic plant (Gauntlet)
  3 fungi
  5 plants
9 creatures vanquished.

Grand Total: 321 creatures vanquished

Notes
Turn   | Place    | Note
-------+----------+-------------------------------------------
     0 | D:1      | Brionac the Gargoyle Berserker began the quest for the Orb.
     0 | D:1      | Reached XP level 1. HP: 14/14 MP: 1/1
   391 | D:1      | Reached XP level 2. HP: 14/19 MP: 2/2
   969 | D:2      | Noticed Robin
   980 | D:2      | Reached XP level 3. HP: 24/24 MP: 3/3
  1005 | D:2      | Killed Robin
  1160 | D:2      | Found a faded altar of an unknown god.
  1171 | D:2      | Reached ** piety under Trog
  1609 | D:3      | Reached XP level 4. HP: 29/29 MP: 4/4
  1728 | D:3      | Found a radiant altar of Vehumet.
  2512 | D:4      | Reached XP level 5. HP: 34/34 MP: 5/5
  3033 | D:4      | Reached XP level 6. HP: 35/39 MP: 6/6
  3076 | D:4      | Noticed an orc warrior
  3115 | D:4      | Noticed a black bear
  3118 | D:4      | Killed a black bear
  3119 | D:4      | Reached skill level 5 in Axes
  3119 | D:4      | Reached skill level 3 in Armour
  3217 | D:4      | Reached skill level 5 in Fighting
  3405 | D:5      | Entered Level 5 of the Dungeon
  3519 | D:6      | Noticed a sky beast
  3519 | D:6      | Noticed a black bear
  3531 | D:5      | Killed a sky beast
  3532 | D:5      | Reached XP level 7. HP: 44/44 MP: 7/7
  3718 | D:5      | Reached skill level 4 in Armour
  4221 | D:4      | Reached XP level 8. HP: 50/50 MP: 8/8
  4304 | D:6      | Noticed Menkaure
  4369 | D:6      | Noticed Maggie
  4381 | D:5      | Killed Menkaure
  4382 | D:5      | Reached skill level 5 in Armour
  5355 | D:6      | Killed Maggie
  5356 | D:6      | Reached skill level 6 in Armour
  5387 | D:6      | Reached XP level 9. HP: 27/56 MP: 9/9
  5747 | D:7      | Reached skill level 7 in Armour
  6109 | D:7      | Found a staircase to the Ecumenical Temple.
  6346 | D:7      | Found a hide-covered altar of Uskayaw.
  7003 | D:8      | Reached skill level 1 in Long Blades
  7359 | D:8      | Identified the +1 pair of gloves of Classification {rF+}
  7418 | D:8      | Reached XP level 10. HP: 63/63 MP: 10/10
  7682 | D:9      | Noticed a two-headed ogre
  7689 | D:8      | Killed a two-headed ogre
  7690 | D:8      | Reached skill level 5 in Long Blades
  7920 | D:9      | Reached skill level 8 in Armour
  8862 | D:9      | Found a staircase to the Orcish Mines.
  8976 | D:9      | Reached XP level 11. HP: 68/68 MP: 11/11
  9731 | D:10     | Entered Level 10 of the Dungeon
  9731 | D:10     | Found Ylenucac's Assorted Antiques.
  9793 | D:10     | Reached skill level 9 in Armour
  9803 | D:10     | Reached *** piety under Trog
 10029 | D:10     | Found a flagged portal.
 10038 | Bailey   | Entered a bailey
 10461 | Bailey   | Reached **** piety under Trog
 11276 | D:10     | Found a shimmering altar of Xom.
 11352 | D:10     | Found an ancient bone altar of Kikubaaqudgha.
 11357 | D:10     | Found a sparkling altar of Nemelex Xobeh.
 11655 | D:11     | Found a staircase to the Lair.
 11764 | D:11     | You are sucked into a shaft and drop 1 floor!
 11770 | D:12     | Found a gate leading to a gauntlet.
 11796 | Gauntlet | Entered a Gauntlet
 11796 | Gauntlet | Found a transporter.
 11804 | Gauntlet | Found a transporter.
 11807 | Gauntlet | Found a transporter.
 11807 | Gauntlet | Noticed a harpy
 11807 | Gauntlet | a golden eye changed into a harpy
 11808 | Gauntlet | Found a transporter.
 11819 | Gauntlet | Found a transporter.
 11819 | Gauntlet | Found a transporter.
 11820 | Gauntlet | Found a transporter.
 11828 | Gauntlet | Found a transporter.
 11831 | Gauntlet | Found a transporter.
 11832 | Gauntlet | Found a transporter.
 11836 | Gauntlet | Found a runed translucent door.
 11838 | Gauntlet | Found a runed translucent door.
 11838 | Gauntlet | Noticed a moth of wrath
 11840 | Gauntlet | Found a transporter.
 11843 | Gauntlet | Found a transporter.
 11844 | Gauntlet | Found a transporter.
 11846 | Gauntlet | Noticed a thrashing horror
 11852 | Gauntlet | Found a transporter.
 11852 | Gauntlet | Noticed a thrashing horror
 12059 | Gauntlet | Noticed a tengu warrior
 12060 | Gauntlet | Noticed a tengu warrior
 12066 | Gauntlet | Killed a tengu warrior
 12086 | Gauntlet | Killed a tengu warrior
 12087 | Gauntlet | Reached skill level 10 in Armour
 12087 | Gauntlet | Reached XP level 12. HP: 38/76 MP: 12/12
 12334 | Gauntlet | Gained mutation: You occasionally shout uncontrollably at
                  | your foes. [a shining eye]
 12379 | Gauntlet | Noticed an anaconda
 12379 | Gauntlet | a komodo dragon changed into an anaconda
 12392 | Gauntlet | an anaconda changed into a merfolk
 12403 | Gauntlet | Noticed a shock serpent
 12403 | Gauntlet | a merfolk changed into a shock serpent
 12406 | Gauntlet | a shock serpent changed into a faun
 12430 | Gauntlet | Reached skill level 10 in Axes
 12597 | Gauntlet | Identified the amulet of Koylyusi {+Blink rF- Regen+ Int+5
                  | Dex-2}
 12597 | Gauntlet | Noticed a minotaur
 12597 | Gauntlet | Noticed a tengu warrior
 12620 | Gauntlet | Reached skill level 10 in Fighting
 12622 | Gauntlet | Killed a tengu warrior
 12625 | Gauntlet | Reached skill level 11 in Armour
 12676 | Gauntlet | Noticed a tengu warrior
 12713 | Gauntlet | Slain by a minotaur

Illustrated notes

Levels and vault maps discovered:
D:1:      dpeg_arrival_water_temple_mockup, layout_basic, serial_glass,
          glass_columns_a, glass_columns_a
D:2:      layout_loops_ring, chequers_ecumenical_altar_simple, uniq_robin
D:3:      layout_loops_cross, lemuel_tele_altar
D:4:      layout_gridville, lemuel_zombie_altar_yredelemnul
D:5:      layout_gridville, minivault_23, water_maze_lemuel
D:6:      layout_cave_pools, mainiacjoe_overflow_boulevard, serial_gnoll_camp,
          gnoll_camp_mini_hut, gnoll_camp_mini_doghouse,
          gnoll_camp_mini_sergeant, gnoll_camp_mini_doghouse,
          minmay_small_thing, uniq_maggie, uniq_menkaure
D:7:      layout_loops_ring, mainiacjoe_overflow_surrounded_room,
          minmay_temple_entry_drinking_statues, st_stairs_5
D:8:      layout_basic
D:9:      layout_basic, zombieorc2_lemuel, hex_medium, grunt_ministairs_2,
          minmay_door_square, kennysheep_nondescript, st_stairs_12
D:10:     layout_loops_corners, minmay_overflow_temple_star_quad,
          enter_bailey_8, serial_shops, nicolae_stop_n_shop_2
D:11:     layout_grid_maze, minmay_lair_entry_grove
D:12:     layout_gridville, gauntlet_entry_generic
Gauntlet: gammafunk_gauntlet_77_escape_option [minmay_gauntlet_arena_77_museum,
          minmay_gauntlet_arena_77_double_cross,
          minmay_gauntlet_arena_77_terracotta_army,
          minmay_gauntlet_arena_77_cramped, minmay_gauntlet_arena_77_two_paths,
          gauntlet_exit_green]

Skill      XL: |  1  2  3  4  5  6  7  8  9 10 11 12 |
---------------+-------------------------------------+-----
Axes           | 3 4 5 6 7 8 9 10 | 10.7
Fighting       | 4 5 6 7 8 9 10 | 10.2
Dodging        | 2 3 4 |  4.2
Armour         | 3 4 6 7 8 10 11 | 11.0
Long Blades    | 3 7 9 |  9.0
Evocations     | |  0.2

Action                   |  1- 3 |  4- 6 |  7- 9 | 10-12 || total
-------------------------+-------+-------+-------+-------++-------
Melee: Hand axe          |    97 |   176 |   201 |       ||   474
       Punch             |     2 |     1 |     2 |     2 ||     7
       Great sword       |       |       |    96 |   317 ||   413
       War axe           |       |       |       |   284 ||   284
Throw: Boomerang         |       |       |       |    17 ||    17
       Throwing net      |       |       |       |     1 ||     1
Invok: Berserk           |     1 |     4 |    11 |    11 ||    27
       Trog's Hand       |       |     1 |     6 |    15 ||    22
       Brothers in Arms  |       |       |       |     1 ||     1
Evoke: Wand              |       |       |     3 |     6 ||     9
  Use: Scroll            |       |       |    11 |     4 ||    15
       Potion            |       |       |     4 |    11 ||    15
Armor: Animal skin       |    26 |    29 |       |       ||    55
       Ring mail         |       |    41 |   175 |     6 ||   222
       Skin              |       |       |    22 |       ||    22
       Chain mail        |       |       |       |   359 ||   359
       Plate armour      |       |       |       |   280 ||   280
Dodge: Dodged            |    50 |   130 |   208 |   369 ||   757

Table legend: (Time is in decaauts)
 A = Elapsed time spent in this place.
 B = Non-inter-level travel time spent in this place.
 C = Inter-level travel time spent in this place.
 D = Time resting spent in this place.
 E = Time spent auto-exploring this place.
 F = Levels seen in this place.
 G = Mean time per level.
                   A        B        C        D        E       F      G
               +--------+--------+--------+--------+--------+-----+--------+
         Total |  13138 |  12755 |    383 |   2479 |   7140 |  14 |  938.4 |
       Dungeon |  11696 |  11313 |    383 |   1967 |   6962 |  12 |  974.7 |
        Bailey |    491 |    491 |      0 |      0 |    173 |   1 |  491.0 |
      Gauntlet |    949 |    949 |      0 |    512 |      5 |   1 |  949.0 |
               +--------+--------+--------+--------+--------+-----+--------+

Top non-repeatable levels by time:
     D:9: 1887 daAuts
     D:5: 1670 daAuts
     D:7: 1577 daAuts
    D:10: 1352 daAuts
     D:8: 1228 daAuts
     D:3: 1097 daAuts
Gauntlet: 949 daAuts
     D:1: 848 daAuts
     D:4: 803 daAuts
     D:2: 768 daAuts
  Bailey: 491 daAuts
    D:11: 224 daAuts
     D:6: 204 daAuts
    D:12: 33 daAuts
